 Dungeon Crawl Stone Soup version 0.23-a0-183-gf37f6fb (webtiles) character file.

2866 galech the Cleaver (level 9, -3/69 HPs)
             Began as a Demonspawn Fighter on Sept 21, 2018.
             Was a Priest of Okawaru.
             Slain by an ogre
             ... wielding a +0 giant club
              (19 damage)
             ... on level 7 of the Dungeon.
             The game lasted 00:10:59 (7524 turns).

galech the Cleaver (Demonspawn Fighter)             Turns: 7524, Time: 00:11:00

Health: -3/69      AC:  6    Str: 17    XL:     9   Next: 47%
Magic:  7/9        EV: 25    Int: 12    God:    Okawaru [***...]
Gold:   468        SH: 17    Dex: 21    Spells: 8/8 levels left

rFire    . . .     SeeInvis .   a - +0 war axe
rCold    + . .     Gourm    .   c - +0 shield
rNeg     . . .     Faith    .   D - +2 leather armour {rPois}
rPois    +         Spirit   .   (no helmet)
rElec    .         Reflect  +   (no cloak)
rCorr    .         Harm     .   (no gloves)
MR       .....                  (no boots)
Stlth    ++++......             o - +4 amulet of reflection
HPRegen  0.21/turn              l - +3 ring of evasion
MPRegen  0.11/turn              B - +3 ring of intelligence

@: agile, heroism
A: claws 1, cold resistance 1, powered by pain 1
a: Heroism, Renounce Religion


You were on level 7 of the Dungeon.
You worshipped Okawaru.
Okawaru was most pleased with you.
You were not hungry.

You visited 1 branch of the dungeon, and saw 7 of its levels.
You also visited: Sewer and Ossuary.

You collected 664 gold pieces.
You spent 196 gold pieces at shops.

Inventory:

Hand Weapons
 a - a +0 war axe (weapon)
Armour
 c - a +0 shield (worn)
 m - a +0 chain mail
 u - a +1 robe of magic resistance
 D - a +2 leather armour of poison resistance (worn)
 F - a +0 ring mail of magic resistance
Jewellery
 l - a +3 ring of evasion (left claw)
 o - a +4 amulet of reflection (around neck)
 B - a +3 ring of intelligence (right claw)
Wands
 x - a wand of enslavement (10)
 y - a wand of flame (16)
 z - a wand of paralysis (8)
 C - a wand of polymorph (16)
Scrolls
 b - 2 scrolls of fear
 e - a scroll of enchant weapon {unknown}
 h - 3 scrolls of enchant armour
 i - 3 scrolls of amnesia
 j - a scroll of noise
 v - 2 scrolls of remove curse
 w - 4 scrolls of teleportation
 A - a scroll of blinking {unknown}
 H - 2 scrolls of identify
Potions
 d - a potion of might
 g - 3 potions of degeneration
 k - 3 potions of heal wounds
 n - 2 potions of curing
 p - 3 potions of brilliance
 q - 3 potions of agility
 r - 3 potions of flight {unknown}
 s - 2 potions of lignification {unknown}
 t - a potion of haste
 E - 2 potions of berserk rage {unknown}
 G - a potion of magic {unknown}
Comestibles
 f - 6 rations
 I - 3 chunks of flesh


   Skills:
 + Level 5.9(10.9) Fighting
 + Level 8.2(13.2) Axes
 + Level 4.2(9.2) Armour
 + Level 2.5(7.5) Dodging
 + Level 0.5(5.5) Stealth
 + Level 6.8(11.8) Shields
 + Level 0.2 Invocations


You had 8 spell levels left.
You didn't know any spells.
Your spell library was empty.

Dungeon Overview and Level Annotations

Branches:
Dungeon (7/15)             Temple (0/1) D:5

Altars:
Elyvilon
Gozag
Okawaru
Sif Muna
Uskayaw
The Shining One

Shops:
D:5 ?   D:7 [


Innate Abilities, Weirdness & Mutations

You have sharp fingernails.
Your flesh is cold resistant. (rC+)
You sometimes gain a little power by taking damage.


Message History

You destroy the plant!
You hit the ogre. You block the ogre's attack.
You block the crimson imp's attack.
You closely miss the crimson imp.
The crimson imp is moderately wounded.
You hit the ogre. You barely miss the ogre.
You feel sick.
You are no longer poisoned.
You block the ogre's attack. x2
An ogre comes into view. It is wielding a giant spiked club.
The crimson imp completely misses you.
The ogre shouts!
You hit the crimson imp.
The crimson imp is moderately wounded.
You hit the ogre. x2
You hear a shout!
The crimson imp blinks!
The ogre closely misses you.
You barely miss the ogre.
The ogre is heavily wounded.
You hit the ogre. The ogre hits you with a giant club!!
You die...

≈,,,,,,,,,,,,,,,......,,≈≈≈≈≈≈
≈,,,,***#,,,***#.....,,,,≈≈≈≈≈
≈,,,,*,,#.,,*,,#....,,,,,≈≈≈≈≈
,,,,,*,,#..,*,,'...#***,,,≈≈≈≈
***,,**+#(..####5P.#,,*,,,≈≈≈≈
,,*,,,,,..)........+,,*,.,,≈≈≈
,,+,,,,,......)....####..,,≈≈≈
***,,,,,,,#####).)$......,,≈≈≈
,,,,,,,####...#.@O.?.....,,≈≈≈
,,,*,,*#>.#(..'.O§.......,≈≈≈≈
,,,,*###.(')..'..)P.P....,≈≈≈≈
,,*###...#########.......,≈≈≈≈
*,##....##*** **,....P..,,≈≈≈
,*#...### *,****,,P♣.♣PP.,,≈≈≈
**#..## **,,,,,*♣.♣.♣.#**≈≈≈
###.## *,*******♣*♣♣*#,**≈≈
.....# **,*,*****,*,,*,,,*≈≈


You could see 2 ogres and a crimson imp.

Vanquished Creatures
  Sigmund (D:6)
  Duvessa (D:6)
  An ice beast (D:5)
  2 orc warriors
  A phantom (D:6)
  A sky beast (D:5)
  3 ogres
  A centaur (D:7)
  7 big kobolds
  Dowan (D:6)
  A water moccasin zombie (D:5)
  A scorpion (D:5)
  A crimson imp (D:5)
  A bullfrog skeleton (D:6)
  3 jellies
  A hound (D:4)
  2 orc priests (D:7)
  Jessica (D:5)
  2 gnoll shamans (D:7)
  An iguana (D:5)
  5 orc wizards
  6 worker ants
  A big kobold zombie (Ossuary)
  A hound skeleton (D:6)
  8 mummies (Ossuary)
  13 gnolls
  6 adders
  2 shadow imps
  4 worms
  2 dart slugs
  5 leopard geckos
  18 orcs
  9 bats
  5 giant cockroaches
  11 goblins
  13 hobgoblins
  3 jackals (D:6)
  2 quokkas
  6 ball pythons
  6 frilled lizards
  2 gnoll zombies (Ossuary)
  2 hobgoblin zombies (Ossuary)
  23 kobolds
  2 kobold zombies (Ossuary)
  A leopard gecko skeleton (D:4)
  An orc zombie (Ossuary)
  A quokka zombie (D:7)
  8 rats
  A rat zombie (D:7)
  A plant (D:7)
201 creatures vanquished.

Vanquished Creatures (others)
  A centaur (D:7)
  2 kobolds
  3 fungi (D:7)
  A plant (D:7)
7 creatures vanquished.

Grand Total: 208 creatures vanquished

Notes
Turn   | Place    | Note
-------+----------+-------------------------------------------
     0 | D:1      | galech the Demonspawn Fighter began the quest for the Orb.
     0 | D:1      | Reached XP level 1. HP: 18/18 MP: 1/1
    11 | D:1      | Noticed a merfolk zombie
    19 | D:1      | Noticed a merfolk zombie
   334 | D:1      | Gained mutation: Your flesh is cold resistant. (rC+)
                  | [demonic ancestry]
   334 | D:1      | Reached XP level 2. HP: 14/24 MP: 2/2
   485 | D:1      | Reached skill level 2 in Axes
   658 | D:2      | Found a faded altar of an unknown god.
   858 | D:2      | Reached XP level 3. HP: 29/29 MP: 3/3
  1231 | D:2      | Found an opulent altar of Gozag.
  1486 | D:2      | Reached XP level 4. HP: 36/36 MP: 4/4
  1546 | D:2      | Found a glowing golden altar of the Shining One.
  1547 | D:2      | Found a white marble altar of Elyvilon.
  1897 | D:3      | Found a glowing drain.
  1911 | D:3      | Reached skill level 3 in Axes
  1972 | Sewer    | Entered a sewer
  2092 | Sewer    | Noticed a big kobold
  2107 | Sewer    | Killed a big kobold
  2107 | Sewer    | Reached XP level 5. HP: 39/42 MP: 5/5
  2208 | Sewer    | Reached skill level 4 in Axes
  2208 | Sewer    | Reached skill level 1 in Dodging
  2208 | Sewer    | Reached XP level 6. HP: 44/48 MP: 6/6
  2339 | D:3      | Found an iron altar of Okawaru.
  2363 | D:3      | Became a worshipper of Warmaster Okawaru
  2636 | D:3      | Gained mutation: You have sharp fingernails. [demonic
                  | ancestry]
  2636 | D:3      | Reached XP level 7. HP: 30/54 MP: 7/7
  3314 | D:4      | Found a hide-covered altar of Uskayaw.
  3389 | D:4      | Reached skill level 5 in Axes
  4013 | D:5      | Entered Level 5 of the Dungeon
  4088 | D:5      | Reached * piety under Okawaru
  4088 | D:5      | Reached skill level 6 in Axes
  4088 | D:5      | Gained mutation: You sometimes gain a little power by
                  | taking damage. [demonic ancestry]
  4088 | D:5      | Reached XP level 8. HP: 22/61 MP: 8/8
  4370 | D:5      | Found a staircase to the Ecumenical Temple.
  4460 | D:5      | Reached skill level 5 in Shields
  4693 | D:5      | Found Peavo's Magic Scroll Boutique.
  4700 | D:5      | Bought a scroll of magic mapping for 49 gold pieces
  4700 | D:5      | Bought a scroll of teleportation for 42 gold pieces
  4700 | D:5      | Bought a scroll of fear for 49 gold pieces
  4700 | D:5      | Bought a scroll of identify for 28 gold pieces
  4700 | D:5      | Bought a scroll of identify for 28 gold pieces
  4735 | D:5      | Noticed Jessica
  4743 | D:5      | Killed Jessica
  4752 | D:5      | Found a deep blue altar of Sif Muna.
  5019 | D:6      | Noticed Sigmund
  5047 | D:6      | Killed Sigmund
  5047 | D:6      | Reached skill level 5 in Fighting
  5620 | D:6      | Noticed Duvessa
  5622 | D:6      | Noticed Dowan
  5637 | D:6      | Killed Duvessa
  5641 | D:6      | Killed Dowan
  6143 | D:6      | Reached skill level 7 in Axes
  6390 | D:6      | Reached ** piety under Okawaru
  6587 | D:7      | Reached XP level 9. HP: 49/68 MP: 9/9
  6644 | D:7      | Found Getwokos's Antique Armour Boutique.
  6723 | D:7      | Found a sand-covered staircase.
  6818 | Ossuary  | Entered an ossuary
  7411 | D:7      | Reached skill level 8 in Axes
  7510 | D:7      | Reached *** piety under Okawaru
  7524 | D:7      | Slain by an ogre

Vault maps used:
D:1:      shiori_arrival_whats_in_store_for_you
D:2:      grunt_gozag_breadcrumbs, gammafunk_temple_overflow_statue,
          chequers_ecumenical_altar_simple
D:3:      first_ration, cheibrodos_sewer_entry_sluice, okawaru_ov_weapons_minmay
D:4:      minmay_opposing_rooms, kennysheep_mini
D:5:      minmay_temple_entry_glassed_door, serial_shops, shop_fountains,
          tgw_sif
D:6:      uniq_duvessa, uniq_sigmund
D:7:      kennysheep_seaside_town, serial_shops, shop, enter_ossuary_4
Sewer:    kennysheep_pipe_town
Ossuary:  ossuary_tomb_3

Skill      XL: |  1  2  3  4  5  6  7  8  9 |
---------------+----------------------------+-----
Axes           | 2 3 4 6 7 8 |  8.2
Shields        | 3 4 6 |  6.8
Armour         | 3 4 |  4.2
Fighting       | 4 5 |  5.9
Dodging        | 1 2 |  2.5
Stealth        | |  0.5
Invocations    | |  0.2

Action                   |  1- 3 |  4- 6 |  7- 9 || total
-------------------------+-------+-------+-------++-------
Melee: War axe           |   119 |   249 |   522 ||   890
Invok: Heroism           |       |       |     4 ||     4
  Use: Potion            |       |       |     9 ||     9
       Scroll            |       |       |    10 ||    10
 Stab: Sleeping          |       |       |     1 ||     1
  Eat: Chunk             |     2 |     5 |    16 ||    23
Armor: Scale mail        |    70 |       |       ||    70
       Chain mail        |     2 |   122 |   116 ||   240
       Leather armour    |       |       |    28 ||    28
Dodge: Dodged            |    71 |    73 |   163 ||   307
Block: Shield            |    86 |   200 |   399 ||   685
       Reflection        |       |     3 |     7 ||    10

Table legend:
 A = Non-vault XP
 B = Vault XP
 C = Vault XP percentage of total XP
 D = Non-vault monster count
 E = Vault monster count
 F = Vault count percentage of total count
                 A         B        C        D         E       F
            +---------+---------+-------+---------+---------+-------
      Total |    2122 |    1973 |  48.2 |     138 |      64 |  31.7
            +---------+---------+-------+---------+---------+-------
        D:1 |      52 |       0 |   0.0 |      15 |       0 |   0.0
        D:2 |      61 |       0 |   0.0 |      26 |       0 |   0.0
        D:3 |     151 |       8 |   5.0 |      31 |       3 |   8.8
        D:4 |     298 |      92 |  23.6 |      14 |       4 |  22.2
        D:5 |     509 |      37 |   6.8 |      10 |       1 |   9.1
        D:6 |     607 |     445 |  42.3 |      27 |       3 |  10.0
        D:7 |     444 |     701 |  61.2 |      15 |      13 |  46.4
      Sewer |       0 |     516 | 100.0 |       0 |      24 | 100.0
    Ossuary |       0 |     174 | 100.0 |       0 |      16 | 100.0
            +---------+---------+-------+---------+---------+-------
